 Dungeon Crawl Stone Soup version 0.17.0-24-gcfadda4 (webtiles) character file.

14 dorian the Firebug (level 2, 0/17 HPs)
             Began as an Octopode Fire Elementalist on Nov 16, 2015.
             Slain by a bat (1 damage)
             ... on level 1 of the Dungeon.
             The game lasted 00:01:02 (507 turns).

dorian the Firebug (Octopode Fire Elementalist)      Turns: 507, Time: 00:01:02

Health: 0/17       AC:  1    Str:  7    XL:     2   Next: 45%
Magic:  1/5        EV: 12    Int: 17    God:
Gold:   29         SH:  0    Dex: 12    Spells: 1 memorised, 4 levels left

rFire  . . .     SeeInvis .     c - +2 short sword (freeze)
rCold  . . .     Clarity  .     (no shield)
rNeg   . . .     SustAt   .     (helmet restricted)
rPois  .         Gourm    .     (no amulet)
rElec  .         Spirit   .     (no ring)
rCorr  .         Warding  .     (no ring)
rMut   .         Stasis   .     (no ring)
MR     .....                    (no ring)
Stlth  +++.......               (no ring)
                                (no ring)
                                (no ring)
                                (no ring)

@: not resistant to hostile enchantments, fairly stealthy
A: almost no armour, amphibious, 8 rings, constrict 8, camouflage 1, gelatinous
body 1
a: no special abilities


You were on level 1 of the Dungeon.
You were not hungry.

You visited 1 branch of the dungeon, and saw 1 of its levels.

You collected 29 gold pieces.

Inventory:

Hand Weapons
 c - a +2 short sword of freezing (weapon)
Scrolls
 d - a scroll of noise {unknown}
Potions
 e - a potion of haste {unknown}
 f - a potion of curing {unknown}
Books
 a - a book of Flames

   Spells                             Type                      Level
   a - Flame Tongue                   Conjuration/Fire             1
   b - Throw Flame                    Conjuration/Fire             2
   c - Conjure Flame                  Conjuration/Fire             3
   d - Inner Flame                    Hexes/Fire                   3
   e - Sticky Flame                   Conjuration/Fire             4
   f - Fireball                       Conjuration/Fire             5
Comestibles
 b - a bread ration


   Skills:
 - Level 2.0 Dodging
 - Level 2.6 Stealth
 - Level 2.0 Spellcasting
 + Level 1.9 Conjurations
 + Level 3.3 Fire Magic


You had 4 spell levels left.
You knew the following spells:

 Your Spells              Type           Power        Failure   Level  Hunger
a - Flame Tongue          Conj/Fire      ##...        10%         1    #......


Dungeon Overview and Level Annotations

Branches:
Dungeon (1/15)

Altars:


Innate Abilities, Weirdness & Mutations

You cannot wear most types of armour.
You are amphibious.
You can wear up to eight rings at the same time.
You can use your tentacles to constrict eight enemies at once.
Your skin changes colour to match your surroundings (Stealth).
Your rubbery body absorbs attacks (AC +1).


Message History

Casting: Flame Tongue
Confirm with . or Enter, or press ? or * to list all spells.
Aiming: Flame Tongue
Press: ? - help, Shift-Dir - straight line, f - hobgoblin
Aim: a hobgoblin, wielding a club The flame tongue misses the hobgoblin.
The bat hits you. The bat barely misses you. The giant gecko misses you.
The hobgoblin hits you with a club. The bat hits you but does no damage.
The giant gecko bites you. The bat closely misses you. The bat hits you.
The bat barely misses you. The bat closely misses you.
The giant gecko bites you.
* * * LOW HITPOINT WARNING * * *
The bat hits you but does no damage. The bat misses you.
The bat hits you but does no damage. The bat hits you.
* * * LOW HITPOINT WARNING * * *
The bat barely misses you. The bat misses you. The bat hits you.
You die...

#.#.###.#. #.......# .. #.
#)#. #........ . #.###.#.
........# #.....+. ........#
#####.#. ........# ...# #...
........########+###..#####...
#.......l...........^...(.#
..#.$...g..b@......#.........
............b.......+.........
....................#.........
##..................#.........
#..#+##.............>......).
#.. ###########...#........ #.
#####........ # ####.....
#.....


You could see a giant gecko, a hobgoblin and 2 bats.

Vanquished Creatures
  A giant gecko (D:1)
  2 bats (D:1)
  2 goblins (D:1)
  2 hobgoblins (D:1)
  3 kobolds (D:1)
  A giant newt (D:1)
11 creatures vanquished.

Notes
Turn   | Place    | Note
--------------------------------------------------------------
     0 | D:1      | dorian the Octopode Fire Elementalist began the quest for the Orb.
     0 | D:1      | Reached XP level 1. HP: 11/11 MP: 3/3
   105 | D:1      | Reached XP level 2. HP: 17/17 MP: 3/5
   507 | D:1      | Slain by a bat

Action                   || total
-------------------------++-------
Melee: Short sword       ||     8
       Unarmed           ||     2
 Cast: Flame Tongue      ||    16
